 Dungeon Crawl Stone Soup version 0.30-a0-177-g1cb5dbfd7a (webtiles) character file.

Game seed: 10760549387555760272

1151 lunkers the Slicer (level 8, -5/57 (61) HPs)
             Began as a Meteoran Reaver on Oct 3, 2022.
             Was an Initiate of Hepliaklqana.
             Slain by a wight
             ... wielding a +1 long sword of freezing
              (8 damage)
             ... on level 6 of the Dungeon.
             The game lasted 00:12:21 (1897 turns).

lunkers the Slicer (Meteoran Reaver)                Turns: 1897, Time: 00:12:22

HP:   -5/57 (61)    AC:  6    Str: 16    XL:     8   Next: 97%
MP:   1/22          EV: 12    Int: 15    God:    Hepliaklqana [......]
Gold: 219           SH:  0    Dex: 12    Spells: 6/12 levels left

rFire   . . .      SeeInvis +    i - +2 dagger (elec)
rCold   . . .      Faith    .    (no shield)
rNeg    + . .      Spirit   .    z - +2 robe {rN+}
rPois   .          Reflect  .    l - +1 helmet
rElec   .          Harm     .    (no cloak)
rCorr   .          Rampage  .    (no gloves)
Will    +....                    (no boots)
Stlth   +.........               (no amulet)
HPRegen 0.29/turn                w - ring of see invisible
MPRegen 0.18/turn                y - ring of magical power

@: glowing, drained
A: sense surroundings 1, otherworldly, glowing, explore regen
a: Renounce Religion


You were on level 6 of the Dungeon.
You worshipped Hepliaklqana.
Hepliaklqana was noncommittal.
You visited 1 branch of the dungeon, and saw 7 of its levels.

You collected 219 gold pieces.

Inventory:

Hand Weapons
 a - a +0 mace
 i - a +2 dagger of electrocution (weapon)
 p - a +0 morningstar
 q - a +2 vampiric whip
 u - a +0 scimitar
Armour
 l - a +1 helmet (worn)
 r - the +5 robe of Misfortune {Harm *Corrode *Slow EV+5}
   (You found it on level 3 of the Dungeon)

   EV:        It affects your evasion (+5).
   *Corrode:  It may corrode you when you take damage.
   *Slow:     It may slow you when you take damage.
   Harm:      It increases damage dealt and taken.
 z - a +2 robe of positive energy (worn)
Magical Staves
 j - a staff of earth
Jewellery
 w - a ring of see invisible (left hand)
 y - a ring of magical power (right hand)
Wands
 m - a wand of light (12)
 t - a wand of flame (24)
Scrolls
 c - 5 scrolls of teleportation
 e - 3 scrolls of poison
 n - 2 scrolls of amnesia
Potions
 h - a potion of haste
 o - a potion of heal wounds
 s - 2 potions of cancellation
 v - a potion of attraction
 x - a potion of might {unknown}


   Skills:
 - Level 2.1 Fighting
 * Level 9.0 Short Blades
 - Level 5.8 Maces & Flails
 - Level 2.4 Dodging
 - Level 2.6 Spellcasting
 + Level 4.8 Conjurations
 + Level 2.6 Ice Magic


You had 6 spell levels left.
You knew the following spells:

 Your Spells              Type           Power      Damage    Failure   Level
b - Momentum Strike       Conj/Tloc      18%        3d8       12%         2
c - Hailstorm             Conj/Ice       13%        3d5       13%         3
p - Kiss of Death         Conj/Necr      36%        2d8       8%          1

Your spell library contained the following spells:

 Spells                   Type           Power      Damage    Failure   Level
 Cigotuvi's Dreadful Rot  Necr/Pois/Air  4%         N/A       30%         2
 Poisonous Vapours        Pois/Air       4%         N/A       30%         2


Dungeon Overview and Level Annotations

Branches:
Dungeon (7/15) Zot: 2357
 Temple: D:4-7

Altars:
Hepliaklqana
Ru
Xom


Innate Abilities, Weirdness & Mutations

You passively map a small area around you.
You are easily found by Zot.
You glow in the dark.
You regain HP and MP as you explore.


Message History

Casting: Momentum Strike (safe; 12% risk of failure)
Confirm with . or Enter, or press ? or * to list all spells.
Aiming: Momentum Strike (safe; 12% risk of failure)
Press: ? - help, Dir - move target, f - wight
Aim: a wight, wielding a +1 long sword of freezing and wearing a +0 robe (severely damaged, 68% to hit)
The concentrated momentum misses the wight.
* * * LOW MAGIC WARNING * * *
The wight hits you with a +1 long sword of freezing.
* * * LOW HITPOINT WARNING * * *
The wight freezes you.
* * * LOW HITPOINT WARNING * * *
Unknown command.
You barely miss the wight.
The wight is severely damaged.
Unknown command.
You barely miss the wight.
The wight is severely damaged.
The wight barely misses you.
Unknown command.
You hit the wight.
The wight is almost destroyed.
Unknown command.
You closely miss the wight.
The wight is almost destroyed.
The wight hits you with a +1 long sword of freezing!
* * * LOW HITPOINT WARNING * * *
The wight freezes you.
* * * LOW HITPOINT WARNING * * *
Unknown command.
You closely miss the wight.
The wight is almost destroyed.
You hit the wight but do no damage.
The wight is almost destroyed.
The wight completely misses you.
You hit the wight but do no damage.
The wight is almost destroyed.
You barely miss the wight.
The wight is almost destroyed.
The wight hits you with a +1 long sword of freezing!
You die...

,, #..... #. ## *
#....###. , ######.
#........ ...?... ,,
#....# ## ....... , #....#
#. .......###* ,...# #. ,
,* [......#.# * #.###.
.......#.############.....
........z@.†...[..........
.......#.#############....
, , ####......! * * #....
###.#...?. ,, , #.... ,
#.......... , ....#+ *
*#.......... ,.....#. , ,
........... ......#.
............ ........ , ,
* ......


You could see a wight.

Vanquished Creatures
  2 water moccasins (D:6)
  A black bear (D:6)
  An ogre (D:4)
  2 ice beasts (D:6)
  Blork the orc (D:4)
  A necrophage (D:5)
  2 wights (D:6)
  A vampire bat (D:5)
  A howler monkey (D:4)
  4 orc priests
  3 orc wizards (D:5)
  2 adders
  4 gnolls
  A shadow imp (D:6)
  2 ufetubi
  A worm (D:2)
  A dart slug (D:2)
  3 fire bats (D:5)
  14 orcs
  2 spectral bats (D:5)
  3 ball pythons
  13 bats
  3 bat skeletons (D:5)
  A bat zombie (D:5)
  6 endoplasms
  A giant cockroach (D:2)
  6 goblins
  4 hobgoblins
  7 jackals
  3 quokkas
  A bat simulacrum (D:5)
  2 frilled lizards (D:3)
  2 rats (D:1)
101 creatures vanquished.

Vanquished Creatures (others)
  A black bear (D:5)
  A hound (D:5)
  An adder (D:2)
  A bat (D:5)
  A worm (D:4)
  2 goblins
  A plant (D:4)
8 creatures vanquished.

Grand Total: 109 creatures vanquished

Notes
Turn   | Place    | Note
-------+----------+-------------------------------------------
     0 | D:1      | lunkers the Meteoran Reaver began the quest for the Orb.
     0 | D:1      | Reached XP level 1. HP: 17/17 MP: 5/5
    52 | D:1      | Reached XP level 2. HP: 23/24 MP: 6/6
   104 | D:1      | Reached skill level 5 in Maces & Flails
   186 | D:1      | Reached XP level 3. HP: 22/29 MP: 8/8
   191 | D:1      | Learned a level 2 spell: Momentum Strike
   277 | D:2      | Learned a level 3 spell: Hailstorm
   448 | D:2      | Reached XP level 4. HP: 29/36 MP: 0/9
   530 | D:3      | Reached skill level 1 in Short Blades
   707 | D:4      | Reached skill level 2 in Short Blades
   732 | D:4      | Found a hazy altar of Hepliaklqana.
   766 | D:4      | HP: 1/36 [orc/+0 morningstar (10)]
   811 | D:4      | Became a worshipper of Hepliaklqana the Forgotten
   830 | D:4      | Reached skill level 3 in Short Blades
   830 | D:4      | Reached XP level 5. HP: 30/38 MP: 10/10
   842 | D:4      | Noticed an ogre
   858 | D:4      | Killed an ogre
   859 | D:4      | Reached skill level 4 in Short Blades
   859 | D:4      | Reached skill level 5 in Short Blades
   859 | D:4      | Reached XP level 6. HP: 12/48 MP: 1/11
   907 | D:3      | Found the +5 robe of Misfortune {Harm *Corrode *Slow EV+5}
  1018 | D:4      | Noticed Blork the orc
  1023 | D:4      | Killed Blork the orc
  1024 | D:4      | Reached XP level 7. HP: 34/55 MP: 6/12
  1063 | D:4      | Reached skill level 6 in Short Blades
  1091 | D:4      | Found a sacrificial altar of Ru.
  1097 | D:5      | Entered Level 5 of the Dungeon
  1270 | D:5      | Reached skill level 7 in Short Blades
  1462 | D:5      | Reached XP level 8. HP: 22/61 MP: 2/13
  1535 | D:5      | Reached skill level 8 in Short Blades
  1683 | D:6      | Found a shimmering altar of Xom.
  1744 | D:6      | Reached skill level 1 in Ice Magic
  1884 | D:6      | Reached skill level 9 in Short Blades
  1897 | D:6      | Slain by a wight

Illustrated notes

Levels and vault maps discovered:
D:1:      dpeg_arrival_tiny_j, layout_rooms,
          hellmonk_ecumenical_altar_prayer_group
D:2:      minmay_chambers_of_twos, layout_basic
D:3:      layout_basic, okawaru_gym_becter
D:4:      layout_rooms, nicolae_hepliaklqana_hazy_memory,
          mainiacjoe_overflow_alcove_1, nicolae_shop_vocational,
          uniq_blork_the_orc
D:5:      layout_loops_ring, goddamned_bats
D:6:      layout_basic, lemuel_tele_altar, grunt_dithmenos_shadows,
          minmay_misc_feat_hallway
D:7:      nicolae_cairo_tiling, layout_cave_pods, minitemple,
          minmay_temple_entry_fiery, uniq_prince_ribbit1

Skill      XL: |  1  2  3  4  5  6  7  8 |
---------------+-------------------------+-----
Maces & Flails | 5 |  5.8
Short Blades   | 3 5 7 9 |  9.0
Conjurations   | 4 |  4.8
Ice Magic      | 2 |  2.6
Fighting       | |  2.1
Dodging        | |  2.4
Spellcasting   | |  2.6

Action                   |  1- 3 |  4- 6 |  7- 9 || total
-------------------------+-------+-------+-------++-------
Melee: Mace              |    63 |       |       ||    63
       Dagger            |    30 |    85 |   142 ||   257
       Punch             |     1 |     1 |       ||     2
 Cast: Momentum Strike   |     4 |     3 |    18 ||    25
       Hailstorm         |     1 |     8 |    18 ||    27
       Kiss of Death     |       |     1 |       ||     1
Evoke: Wand              |       |     2 |       ||     2
  Use: Scroll            |     1 |     1 |     8 ||    10
       Potion            |       |       |     1 ||     1
Armor: Leather armour    |    33 |    16 |    65 ||   114
       Robe              |       |       |    18 ||    18
Dodge: Dodged            |    74 |    47 |    90 ||   211

Table legend: (Time is in decaauts)
 A = Elapsed time spent in this place.
 B = Non-inter-level travel time spent in this place.
 C = Inter-level travel time spent in this place.
 D = Time resting spent in this place.
 E = Time spent auto-exploring this place.
 F = Levels seen in this place.
 G = Mean time per level.
                   A        B        C        D        E       F      G
               +--------+--------+--------+--------+--------+-----+--------+
         Total |   1841 |   1772 |     69 |      0 |    449 |   7 |  263.0 |
       Dungeon |   1841 |   1772 |     69 |      0 |    449 |   7 |  263.0 |
               +--------+--------+--------+--------+--------+-----+--------+

Top non-repeatable levels by time:
     D:5: 498 daAuts
     D:4: 355 daAuts
     D:2: 263 daAuts
     D:3: 254 daAuts
     D:6: 245 daAuts
     D:1: 218 daAuts
     D:7: 5 daAuts
